 Dungeon Crawl Stone Soup version 0.13.1-22-g086cdba (webtiles) character file.

209 Mitsuki the Gusty (level 4, -8/27 HPs)
             Began as an Octopode Air Elementalist on Jan 4, 2014.
             Killed from afar by Terence (12 damage)
             ... with a wand of flame
             ... on Level 2 of the Dungeon.
             The game lasted 00:13:36 (2340 turns).

Mitsuki the Gusty (Octopode Air Elementalist)       Turns: 2340, Time: 00:13:37

HP  -8/27        AC  1     Str  8      XL: 4   Next: 12%
MP   7/7         EV 12     Int 17      God:
Gold 145         SH  0     Dex 12      Spells:  1 memorised,  5 levels left

Res.Fire  : . . .   See Invis. : .   i - +3 elf short sword
Res.Cold  : . . .   Warding    : .   (no shield)
Life Prot.: . . .   Conserve   : .   (helmet restricted)
Res.Poison: .       Res.Corr.  : .   (no amulet)
Res.Elec. : .       Clarity    : .   (no ring)
Sust.Abil.: . .     Spirit.Shd : .   (no ring)
Res.Mut.  : .       Stasis     : .   (no ring)
Res.Rott. : .       Flight     : .   (no ring)
Saprovore : . . .                    (no ring)
                                     (no ring)
                                     (no ring)
                                     (no ring)

@: slightly resistant to hostile enchantments, quite stealthy
A: almost no armour, amphibious, 8 rings, constrict 8, camouflage 1, AC +1
a: no special abilities


You were on level 2 of the Dungeon.
You were not hungry.

You visited 1 branch of the dungeon, and saw 3 of its levels.

You collected 125 gold pieces.

Inventory:

Hand weapons
 i - a +3,+3 elven short sword (weapon)
Magical devices
 g - a wand of random effects (13)
 q - a wand of fire (8) {unknown}
Comestibles
 c - a bread ration
 m - a choko
Scrolls
 d - 2 scrolls of remove curse
 f - a scroll of recharging {unknown}
 h - 4 scrolls of enchant weapon II {unknown}
 j - 2 scrolls of enchant armour {unknown}
 l - 3 scrolls of curse jewellery {unknown}
 n - 3 scrolls of identify
 p - a scroll of blinking {unknown}
Potions
 e - a potion of invisibility
 k - a potion of resistance
Books
 b - a book of Air

   Spells                             Type                      Level
   *Shock                             Conjuration/Air              1
   Swiftness                          Charms/Air                   2
   Repel Missiles                     Charms/Air                   2
   Flight                             Charms/Air                   3
   Static Discharge                   Conjuration/Air              3
   Lightning Bolt                     Conjuration/Air              5


   Skills:
 - Level 0.2 Short Blades
 - Level 2.0 Dodging
 - Level 2.9 Stealth
 - Level 1.7 Spellcasting
 - Level 1.6 Conjurations
 + Level 4.1 Air Magic


You had 5 spell levels left.
You knew the following spells:

 Your Spells              Type           Power        Failure   Level  Hunger
a - Shock                 Conj/Air       ##..         10%         1    #......


Dungeon Overview and Level Annotations

Branches:
Dungeon (3/27)

Altars:

Annotations:
D:2 Terence


Innate Abilities, Weirdness & Mutations

You cannot wear most types of armour.
You are amphibious.
You can wear up to eight rings at the same time.
You can use your tentacles to constrict many enemies at once.
Your skin changes colour to match your surroundings (Stlth).
Your rubbery body absorbs attacks (AC +1).


Message History

No target in view!
HP restored.
There is an escape hatch in the ceiling here.
A rat comes into view.
Found 24 stones.
The helpless rat fails to defend itself.
You puncture the rat!
You kill the rat!
The worm is too close now for your liking.
Found a club.
Terence comes into view.
He is wielding a short sword.
Terence shouts!
Terence zaps a wand.
The puff of flame hits you!
Terence zaps a wand.
The puff of flame misses you.
Terence zaps a wand.
The puff of flame hits you!
* * * LOW HITPOINT WARNING * * *
Terence zaps a wand.
The puff of flame hits you!
Your scroll labeled RYNWINN RYCWU catches fire!
One of your 4 scrolls of identify catches fire!
You die...

..#.##.##### .
..#.##.....#### .#
..#.######.#.. .# ..#.#
#.#.# .###(# #.#.#
###.#.####..... ..#.#
#............
#.#<####...######.#.
.#........<......#
#..###.#######@.# #..#
#.# #..# .#%.# #.# #..#
.##<.###.# #..#
..#..##..# #.##
#.#..##..# #.#
#..##..#######@#
#.......[.....w#$#
#..##.###........@.....


You could see a worm and Terence.

Vanquished Creatures
  An adder (D:2)
  2 worms (D:3)
  2 giant geckos (D:1)
  2 orcs (D:3)
  2 bats (D:1)
  3 giant cockroaches
  3 hobgoblins
  7 kobolds
  3 quokkas
  A ball python (D:3)
  2 giant newts (D:2)
  4 goblins
  8 rats
  3 plants (D:2)
43 creatures vanquished.

Notes
Turn   | Place    | Note
--------------------------------------------------------------
     0 | D:1      | Mitsuki, the Octopode Air Elementalist, began the quest for the Orb.
     0 | D:1      | Reached XP level 1. HP: 11/11 MP: 3/3
   293 | D:1      | Reached XP level 2. HP: 9/17 MP: 0/4
  1002 | D:2      | You fall through a shaft!
  1008 | D:3      | Reached XP level 3. HP: 21/21 MP: 3/6
  2161 | D:2      | Reached skill level 4 in Air Magic
  2161 | D:2      | Reached XP level 4. HP: 27/27 MP: 0/7
  2333 | D:2      | Noticed Terence
  2340 | D:2      | Killed from afar by Terence

Action                   |  1- 3 |  4- 6 || total
-------------------------+-------+-------++-------
Melee: Unarmed           |     7 |       ||     7
       Short sword       |    43 |    30 ||    73
       Whip              |     5 |       ||     5
 Cast: Shock             |    64 |     1 ||    65
Evoke: Wand              |     3 |       ||     3
  Use: Potion            |     5 |       ||     5
       Scroll            |     5 |       ||     5
 Stab: Sleeping          |     3 |     1 ||     4
